cohdb
Replays
Latest Replays
All Replays
Popular Replays
Top Player Replays
Match Explorer
How It Works
Community
CoH3 Stats
Reddit
Sign in to upload your games and track your stats! →
Sign in with Steam
Match 45345333
Unlisted
Match 45345333
Overview
Messages
Build Orders
End
Panzergrenadier Squad
Selects Panzerjäger Kommand Battlegroup
Panzergrenadier Squad
250 Light Carrier
Panzerpioneer Squad
Construct Light Support Kompanie
MG34 Team
Construct Mechanized Kompanie
Panzerjäger Mechanized Group
Selects Tank Busters
Selects Crew Shock Tactics
2.5-tonne Medical Truck
Support Armor Elements
le.IG 18 Mechanized Group
Construct Panzerarmee Kommand
MG34 Team
Walking Stuka Rocket Launcher
Marder III Tank Destroyer
2.5-tonne Medical Truck
Selects Elefant Tank Destroyer
Selects Mine Fields
Selects Defensive Positions
[NiP] SimplyBest
shelemin88
Papa Smurf
Elite_1650
0
0
Comments
sign in to comment!
No comments posted yet!